Map: Eternal Empire LE

Players

Kelazhur

  • Race: Terran Terran
  • League: Master
  • Spawn Location: 7:00

Cham - Winner!

  • Race: Zerg Zerg
  • League: Grandmaster
  • Spawn Location: 1:00

Event: DreamHack SC2 Masters 2020 Summer Latin America

VOD

Have the link to the VOD?

Description

Time

  • Played on: June 28, 2020, 3:28 p.m.
  • Length: 14:13

All games in this series

Show
View Real Time Build Order
Export as new Build Order

Kelazhur Terran 

Build Orders: Liberator Opening, Reaper Expand 

Get SALT Encoding   

  12  0:00  SCV  
  13  0:13  SCV  
  14  0:17  Supply Depot  
  14  0:25  SCV  
  15  0:38  SCV  
  15  0:40  Barracks  
  16  0:43  Refinery  
  16  0:50  SCV  
  17  1:02  SCV  
  18  1:15  SCV  
  19  1:27  Reaper, Orbital Command  
  20  1:39  Command Center  
  20  1:48  Supply Depot  
  20  1:52  SCV  
  21  1:59  Marine  
  22  2:05  SCV  
  23  2:08  Factory  
  23  2:14  Refinery  
  23  2:17  SCV  
  23  2:21  Barracks Reactor  
  24  2:29  SCV  
  25  2:41  SCV  
  26  2:53  SCV  
  26  2:56  Starport  
  26  2:57  Orbital Command  
  27  3:05  SCV, Hellion x2  
  32  3:12  Barracks Tech Lab  
  32  3:17  SCV  
  33  3:22  Supply Depot  
  33  3:23  SCV  
  33  3:26  Hellion x2  
  38  3:29  SCV  
  39  3:35  SCV  
  39  3:36  Liberator  
  43  3:41  SCV  
  44  3:50  Hellion x2  
  44  3:51  SCV  
  44  3:53  SCV  
  50  3:59  Supply Depot  
  50  4:03  SCV  
  50  4:05  SCV  
  52  4:15  SCV  
  53  4:18  SCV  
  53  4:20  Viking  
  55  4:24  Command Center  
  55  4:30  Supply Depot, Marine  
  55  4:31  Stimpack  
  56  4:36  SCV  
  57  4:41  SCV  
  57  4:45  Barracks, Factory Tech Lab  
  58  4:47  Barracks  
  58  4:48  SCV  
  58  4:51  Marine  
  58  4:52  Starport Reactor  
  60  4:53  SCV  
  61  5:00  SCV  
  61  5:01  Engineering Bay  
  61  5:02  Engineering Bay  
  61  5:05  SCV  
  61  5:06  Refinery, Siege Tank  
  61  5:07  Refinery  
  66  5:12  SCV  
  67  5:17  SCV  
  67  5:18  Marine  
  69  5:24  SCV  
  70  5:35  Marine x2  
  70  5:36  SCV x2, Orbital Command, Marine  
  70  5:38  Siege Tank  
  75  5:46  Starport Reactor  
  75  5:47  Marine x2  
  75  5:48  SCV  
  78  5:51  Terran Infantry Weapons Level 1, Barracks x2  
  78  5:54  Terran Infantry Armor Level 1  
  78  5:59  Supply Depot  
  78  6:01  Marine x2  
  80  6:07  SCV  
  80  6:10  Marine x2  
  83  6:14  Orbital Command  
  83  6:19  Marine x2  
  83  6:20  Supply Depot, Siege Tank  
  83  6:21  Marine  
  83  6:22  Supply Depot  
  89  6:28  Combat Shield  
  89  6:32  SCV x2  
  91  6:33  Medivac  
  91  6:37  Supply Depot  
  93  6:41  Medivac, Marine x3  
  93  6:44  SCV  
  99  6:49  Marine x2  
  99  6:50  Barracks Reactor x2  
  99  6:53  SCV x2, Supply Depot  
  103  6:59  Armory  
  103  7:05  SCV  
  104  7:10  Marine x2  
  104  7:11  Marine x2  
  104  7:14  Medivac x2, Marine  
  104  7:15  Siege Tank  
  116  7:17  SCV x2  
  116  7:20  SCV  
  119  7:25  Supply Depot  
  119  7:27  Supply Depot  
  112  7:31  Marine  
  112  7:35  Marine x2  
  90  7:37  Marine x2  
  90  7:38  Marine x4  
  90  7:39  SCV x3  
  99  7:45  Terran Infantry Weapons Level 2  
  99  7:49  Marine  
  100  7:51  Command Center  
  100  7:53  Marine x2  
  100  7:55  Marine  
  100  7:56  Terran Infantry Armor Level 2, Marauder  
  105  8:00  Supply Depot  
  105  8:05  Medivac x2  
  109  8:12  Marine x3  
  107  8:13  Marine x2  
  107  8:16  Marine  
  107  8:17  Marine x2  
  115  8:20  Missile Turret, Factory  
  118  8:28  Drilling Claws  
  118  8:29  Widow Mine  
  118  8:30  Marauder, Marine  
  118  8:31  Marine x3  
  118  8:32  Marine  
  124  8:34  Marine  
  124  8:40  Marine  
  124  8:41  Marine  
  127  8:48  Marine  
  128  8:50  Medivac x2  
  128  8:51  Marine  
  128  8:52  Widow Mine  
  128  8:55  Supply Depot  
  135  8:59  Marine  
  135  9:00  Marine x6  
  142  9:04  SCV, Refinery  
  142  9:05  SCV x2  
  142  9:06  Marine  
  142  9:08  Marine  
  147  9:13  Factory Reactor  
  147  9:14  Widow Mine  
  147  9:16  SCV  
  147  9:17  SCV x2, Supply Depot  
  152  9:18  Marine x4  
  152  9:20  Supply Depot  
  152  9:22  Barracks x2  
  156  9:25  Barracks  
  156  9:27  Planetary Fortress  
  156  9:28  SCV  
  156  9:29  SCV, Marine  
  156  9:30  Marauder  
  161  9:32  Marine  
  161  9:43  Marine x6  
  155  9:49  Marine  
  155  9:51  Marauder  
  155  9:52  Widow Mine x2  
  160  9:55  Medivac, Widow Mine, Marine  
  160  9:57  SCV x3  
  162  10:02  Marine  
  162  10:03  Marine x5  
  162  10:05  Terran Infantry Weapons Level 3  
  166  10:07  Marine  
  166  10:09  SCV x2  
  166  10:13  Marauder, Marine, Widow Mine  
  174  10:20  Marine  
  174  10:22  Marine x5  
  174  10:25  Marine  
  162  10:31  Marine  
  162  10:34  Marine  
  162  10:35  Barracks Reactor, Barracks Tech Lab x2  
  164  10:37  Terran Infantry Armor Level 3  
  164  10:38  Marine  
  164  10:39  Marine  
  164  10:40  Marine x3  
  164  10:43  Marine  
  164  10:47  Marine  
  164  10:49  Marine  
  159  10:50  Widow Mine x3  
  159  10:52  Marauder  
  159  10:54  Marine  
  159  10:56  Marine  
  147  10:57  Marine  
  147  10:58  Marine x3  
  147  11:01  Marine  
  147  11:03  Medivac x2, Marine  
  136  11:05  SCV x2, Marine  
  136  11:07  Marine  
  139  11:12  Marine  
  139  11:13  Marine  
  139  11:17  Orbital Command  
  139  11:18  Marine x7  
  125  11:25  Marine  
  125  11:26  Marine  
  125  11:27  Marine  
  125  11:28  SCV  
  120  11:33  SCV  
  120  11:39  Widow Mine x2  
  125  11:41  SCV  
  125  11:45  SCV  
  121  11:52  Marine  
  121  11:53  SCV, Marine x3  
  120  11:55  Marine  
  120  11:58  SCV  
  120  12:04  Marauder, Marine  
  123  12:12  Orbital Command  
  120  12:21  Marauder, Marine  
  110  12:26  Widow Mine x2  
  110  12:27  Marauder x2, Marine  
  116  12:35  Marine  
  117  12:43  Marine  
  117  12:44  Marauder  
  120  12:49  Marauder  
  122  12:51  Marauder, Marine x2  
  122  12:57  Widow Mine x2  
  122  12:58  Widow Mine  
  129  12:59  Marine  
  130  13:07  Marine  
  130  13:08  Command Center, Marauder  
  130  13:10  Marauder  
  135  13:16  Marine x2  
  137  13:20  Marine  
  137  13:21  Marine x6  
  143  13:28  Marauder  
  143  13:29  Marauder  
  143  13:31  Marauder  
  149  13:36  Supply Depot  
  149  13:37  Supply Depot x2  
  149  13:50  SCV, Marauder  
  149  13:51  Marauder  
Show
View Real Time Build Order
Export as new Build Order

Cham Zerg - Winner!

Build Orders: Hatch First 

Get SALT Encoding   

  12  0:02  Drone  
  13  0:08  Drone  
  14  0:17  Overlord  
  14  0:36  Drone x2  
  16  0:49  Hatchery  
  15  0:53  Drone  
  16  1:00  Drone  
  16  1:01  Drone  
  18  1:14  Extractor  
  18  1:18  Spawning Pool  
  16  1:20  Drone  
  16  1:23  Drone  
  18  1:31  Drone  
  19  1:43  Drone  
  20  1:52  Overlord  
  20  2:04  Queen x2  
  20  2:05  Zergling x4  
  26  2:12  Drone  
  26  2:13  Drone  
  28  2:16  Metabolic Boost  
  28  2:23  Overlord  
  28  2:24  Drone  
  29  2:34  Drone  
  30  2:37  Drone  
  30  2:46  Queen x2  
  30  2:49  Drone  
  30  2:50  Drone  
  36  2:54  Drone  
  36  2:56  Drone  
  38  3:11  Hatchery  
  37  3:14  Drone x3  
  37  3:16  Drone  
  37  3:18  Drone  
  42  3:22  Overlord  
  42  3:24  Drone  
  43  3:28  Overlord  
  43  3:41  Queen  
  43  3:43  Drone  
  43  3:44  Overlord  
  43  3:47  Zergling x6  
  49  3:56  Drone x7  
  56  4:03  Drone  
  56  4:05  Overlord  
  57  4:10  Overlord  
  57  4:19  Zergling x2  
  57  4:20  Zergling x2  
  57  4:23  Queen  
  61  4:25  Baneling Nest  
  61  4:26  Drone  
  61  4:28  Spore Crawler, Drone x3  
  64  4:32  Drone x2  
  64  4:35  Overlord, Drone  
  64  4:38  Drone  
  68  4:39  Drone  
  68  4:43  Overlord  
  69  4:46  Overlord  
  69  4:47  Drone  
  69  4:50  Lair  
  68  4:53  Overlord  
  68  5:00  Zergling x4, Drone x2  
  68  5:04  Drone, Extractor x2  
  68  5:05  Drone  
  68  5:06  Drone x3  
  74  5:11  Drone  
  71  5:16  Evolution Chamber  
  71  5:19  Evolution Chamber  
  69  5:22  Drone x6  
  69  5:24  Overlord  
  69  5:26  Extractor  
  69  5:28  Spore Crawler  
  73  5:32  Zergling x4  
  75  5:36  Zergling x2  
  75  5:41  Zergling x4  
  78  5:43  Hatchery  
  78  5:47  Zergling x2  
  78  5:48  Zerg Melee Weapons Level 1  
  78  5:51  Overlord, Centrifical Hooks, Drone  
  78  5:53  Drone  
  78  5:54  Drone x2  
  78  5:55  Overlord  
  82  5:59  Hatchery  
  82  6:01  Zergling x6  
  85  6:04  Zergling x2  
  85  6:05  Zergling x2  
  85  6:07  Zergling x2  
  85  6:08  Zergling x4  
  90  6:11  Zerg Ground Armor Level 1  
  90  6:16  Zergling x4  
  90  6:17  Zergling x4  
  94  6:21  Drone  
  94  6:22  Overlord  
  95  6:26  Zergling x4  
  95  6:27  Baneling x3  
  95  6:29  Baneling  
  95  6:30  Baneling x3  
  95  6:31  Zergling x2  
  98  6:32  Baneling  
  98  6:35  Overlord  
  98  6:38  Zergling x4  
  100  6:40  Baneling x4  
  100  6:44  Zergling x2  
  100  6:45  Zergling x4  
  100  6:46  Zergling x6  
  106  6:51  Overlord  
  106  6:53  Overlord, Drone x3  
  109  6:54  Baneling  
  109  6:55  Baneling x5  
  109  6:56  Zergling x2  
  109  6:59  Zergling x2  
  111  7:06  Zergling x2  
  111  7:07  Zergling x2  
  111  7:11  Zergling x8  
  111  7:12  Baneling x2  
  111  7:13  Overlord  
  111  7:14  Drone  
  116  7:17  Drone, Extractor  
  116  7:18  Infestation Pit  
  116  7:22  Baneling x2  
  115  7:23  Baneling  
  115  7:25  Drone  
  106  7:35  Drone x9  
  108  7:38  Unknown  
  108  7:41  Drone x3  
  109  7:44  Drone x3  
  109  7:45  Drone x3  
  109  7:47  Hatchery  
  109  7:48  Baneling x5  
  109  7:49  Overlord, Zerg Melee Weapons Level 2  
  114  7:54  Zergling x4  
  117  7:58  Zergling x2  
  117  8:01  Baneling x4  
  117  8:02  Drone  
  118  8:10  Hatchery  
  118  8:11  Zergling x8  
  118  8:12  Zergling x4  
  122  8:15  Zergling x10  
  122  8:16  Zergling x2  
  122  8:17  Hive  
  128  8:20  Overlord  
  128  8:21  Baneling x4  
  128  8:22  Zergling x4  
  128  8:23  Zergling x2  
  128  8:24  Baneling x2  
  128  8:25  Baneling  
  128  8:26  Zergling x4  
  133  8:29  Zergling x2  
  134  8:35  Baneling x4  
  134  8:37  Zergling x6  
  135  8:44  Zergling x2  
  135  8:45  Zergling x12  
  140  8:51  Spine Crawler, Spore Crawler  
  140  8:54  Zergling x18  
  147  8:58  Zergling x2  
  147  9:02  Zergling x4  
  150  9:07  Zergling x2  
  150  9:08  Overseer  
  151  9:13  Zergling x16  
  159  9:18  Zergling x2  
  159  9:19  Zergling x6, Baneling x3  
  159  9:20  Baneling x5  
  159  9:21  Overlord  
  159  9:23  Drone x3  
  166  9:25  Baneling x2  
  166  9:28  Baneling x4  
  166  9:29  Zergling x2  
  166  9:30  Zergling x6  
  170  9:32  Adrenal Glands  
  170  9:33  Ultralisk Cavern  
  170  9:37  Spire  
  162  9:41  Zergling x14  
  162  9:42  Zergling x2  
  155  9:53  Baneling x4  
  155  9:57  Zergling x2  
  155  9:58  Zergling x6  
  155  9:59  Zergling x10  
  164  10:06  Zergling x2  
  164  10:07  Zergling x20, Evolution Chamber  
  168  10:12  Spore Crawler  
  173  10:15  Drone x3  
  173  10:19  Spore Crawler  
  173  10:20  Baneling x5  
  173  10:21  Baneling x2  
  171  10:22  Zergling x8  
  163  10:32  Baneling x4  
  163  10:33  Baneling  
  163  10:34  Baneling x5  
  155  10:37  Zergling x12  
  155  10:38  Zergling x14  
  130  10:55  Zergling x2  
  130  10:56  Zergling x14  
  128  11:02  Baneling x5  
  125  11:07  Hatchery, Baneling x5  
  125  11:08  Ultralisk x3  
  125  11:09  Ultralisk x2  
  139  11:18  Baneling  
  139  11:19  Baneling x5  
  139  11:20  Zergling x6  
  139  11:21  Zergling x10  
  129  11:34  Ultralisk  
  129  11:35  Zergling x8  
  137  11:43  Zergling x4  
  137  11:44  Zergling x6  
  135  11:53  Corruptor x3  
  130  12:03  Corruptor  
  130  12:04  Zergling x2  
  130  12:05  Zergling x4  
  130  12:06  Zergling x2  
  136  12:14  Baneling x5  
  133  12:19  Hatchery  
  132  12:23  Corruptor  
  132  12:24  Zergling x12  
  132  12:28  Drone  
  141  12:33  Extractor  
  141  12:34  Drone x3  
  143  12:37  Zergling x6  
  143  12:38  Baneling  
  143  12:39  Baneling x5  
  146  12:46  Overseer  
  146  12:50  Zergling x10  
  151  12:55  Unknown  
  147  13:00  Zergling x2  
  147  13:01  Zergling x12  
  154  13:06  Baneling x5  
  154  13:14  Baneling x4  
  154  13:15  Zergling x2, Baneling x4  
  154  13:16  Zergling x20  
  159  13:30  Baneling  
  159  13:31  Baneling x8  
  159  13:34  Zergling x12  
  159  13:35  Zergling x2  
  159  13:36  Baneling x5  
  159  13:37  Baneling x2  
  166  13:46  Baneling x2  
  144  13:59  Hatchery  
Tags
 
Add a new tag
Caveats
  • Supply blocks, unpowered buildings, or Contaminate may cause inaccurate times.
  • Supply counts are checked every 10 seconds.